AoeStats
← AJJ

Scandinavia

510321742Analyzed
1v1 RM · 22h ago on Sep 30, 2026· 46m 40s· 2 players
Game mode
Random Map
Map size
Tiny (2 player)
Population
200
Speed
Normal
Resources
Standard
Victory
Conquest
Starting age
Dark Age
Ending age
Imperial Age
RankedLock teamsTeams togetherTeam positionsShared explorationLock speedFull tech treeHidden civsTurbo modeCheats
Victory
Defeat
🇩🇪 Bohemians · Germany
1435
+16
🇴🇲 Khmer · Oman
1440
-16
WallyGoodberg
11:40 Feudal Age
10:59 Loom
12:43 Double-Bit Axe
16:10 Castle Age
14:43 Fishing Lines
16:13 Horse Collar
17:25 Gillnets
23:44 Bow Saw
23:57 Town Watch
25:30 Wheelbarrow
27:38 Hand Cart
28:40 Fervor
31:18 Imperial Age
30:01 Ballistics
30:42 Chemistry
30:06 Ballistics
29:57 Masonry
29:55 Squires
29:16 Pikeman
30:30 Fletching
31:08 Bodkin Arrow
31:34 Wagenburg Tactics
32:43 Conscription
33:14 Houfnice
34:08 Pikeman
35:02 Siege Engineers
34:47 Halberdier
43:10 Sanctity
43:04 Scale Mail Armor
46:26 Chain Mail Armor
46:55 Forging
46:46 Bracer
AJJ
8:28 Loom
10:43 Feudal Age
15:39 Castle Age
13:41 Double-Bit Axe
13:41 Fishing Lines
16:26 Forging
15:50 Demolition Ship
16:47 Medium Warships
19:55 Iron Casting
21:53 Horse Collar
25:02 Wheelbarrow
26:06 Heavy Plow
29:05 Imperial Age
26:59 Gillnets
27:10 Fletching
28:17 Bodkin Arrow
29:59 Bracer
31:10 Bloodlines
31:00 Husbandry
32:38 Conscription
33:44 Chemistry
32:45 Elite Ballista Elephant
35:00 Tusk Swords
35:04 Double Crossbow
37:11 Siege Engineers
38:07 Light Cavalry
40:04 Blast Furnace
39:09 Scale Barding Armor
40:42 Hussar
42:26 Masonry
Connection lost

Rejoining the realm…

Still unreachable

The connection could not be restored.

Session expired

The server has moved on; the page needs a fresh start.